Map: Para Site LE

Players

Alceraz - Winner!

  • Race: Zerg Zerg
  • League: Diamond
  • Spawn Location: 5:00

Gunslinger

  • Race: Terran Terran
  • League: Diamond
  • Spawn Location: 11:00

VOD

Have the link to the VOD?

Description

Time

  • Played on: Dec. 3, 2018, 6:19 p.m.
  • Length: 32:03
Show
View Real Time Build Order
Export as new Build Order

Alceraz Zerg - Winner!

Build Orders: Hatch First 

Get SALT Encoding   

  12  0:02  Drone  
  13  0:12  Overlord  
  13  0:17  Drone  
  14  0:31  Drone x2  
  14  0:34  Drone  
  17  0:53  Hatchery  
  17  0:56  Drone  
  17  0:59  Drone  
  18  1:09  Extractor  
  17  1:16  Spawning Pool  
  17  1:18  Drone  
  17  1:22  Drone  
  18  1:28  Drone  
  19  1:41  Drone  
  20  1:49  Overlord  
  20  2:02  Queen  
  20  2:08  Queen  
  22  2:13  Zergling x6  
  27  2:23  Drone x2  
  29  2:35  Overlord  
  29  2:36  Overlord  
  29  2:37  Metabolic Boost  
  29  2:53  Queen  
  31  3:05  Hatchery  
  30  3:06  Zergling x4  
  30  3:08  Drone x2  
  34  3:25  Baneling Nest  
  34  3:26  Drone x4  
  37  3:36  Queen  
  38  3:44  Drone  
  38  3:45  Drone x3  
  42  3:49  Spore Crawler  
  42  3:53  Spore Crawler  
  40  3:56  Drone  
  40  3:57  Drone  
  42  4:13  Queen  
  44  4:22  Queen  
  44  4:23  Overlord  
  46  4:25  Lair  
  46  4:28  Drone x4  
  50  4:37  Baneling  
  50  4:38  Baneling x2  
  50  4:43  Overlord  
  50  4:47  Drone  
  50  4:49  Drone x6  
  57  4:55  Overlord  
  57  5:16  Overlord  
  57  5:21  Drone x2, Evolution Chamber  
  57  5:22  Drone  
  57  5:23  Evolution Chamber  
  57  5:26  Hydralisk Den  
  57  5:27  Centrifical Hooks  
  57  5:29  Zergling x20  
  57  5:33  Drone x2, Extractor  
  57  5:35  Drone x2  
  70  5:43  Queen  
  70  5:48  Spine Crawler  
  71  5:56  Baneling x4  
  71  5:57  Baneling  
  58  6:06  Drone x10  
  68  6:17  Grooved Spines  
  68  6:20  Drone x6, Extractor x2  
  72  6:33  Drone  
  72  6:34  Drone x4  
  72  6:38  Extractor  
  72  6:39  Spore Crawler  
  75  6:40  Extractor  
  75  6:43  Overseer  
  75  6:46  Pneumatized Carapace  
  74  6:50  Drone x2  
  74  6:53  Drone x2  
  74  6:54  Drone x3  
  79  6:59  Overlord x3  
  81  7:05  Zerg Melee Weapons Level 1  
  81  7:06  Zerg Ground Armor Level 1  
  81  7:08  Overlord x3  
  81  7:31  Zergling x4  
  81  7:32  Zergling x24  
  95  7:41  Drone x2  
  97  7:54  Hatchery  
  96  8:06  Hydralisk x6  
  96  8:07  Hydralisk x2  
  112  8:13  Baneling  
  112  8:14  Baneling x3  
  112  8:16  Baneling x3  
  112  8:26  Infestation Pit  
  111  8:45  Zergling x2  
  111  8:46  Zergling x18  
  111  8:48  Overlord x4  
  121  8:49  Overlord x2  
  119  9:12  Hive  
  119  9:15  Spire  
  118  9:28  Baneling x11  
  118  9:29  Zergling x22  
  118  9:30  Zergling x8  
  133  9:34  Drone x6  
  133  9:36  Zerg Ground Armor Level 2, Zerg Melee Weapons Level 2  
  139  9:39  Muscular Augments  
  139  10:03  Zergling x24  
  139  10:04  Zergling x6  
  152  10:18  Drone x7  
  152  10:20  Overlord x3  
  152  10:21  Overlord, Extractor  
  158  10:22  Extractor  
  158  10:27  Greater Spire  
  157  10:30  Baneling x7  
  157  10:33  Corruptor  
  159  10:44  Spore Crawler  
  158  11:00  Hatchery  
  150  11:24  Corruptor x6  
  150  11:25  Corruptor x4  
  142  11:32  Drone  
  142  11:33  Drone x15  
  142  11:34  Queen  
  142  11:35  Overseer  
  142  11:38  Brood Lord  
  161  11:41  Zerg Flyer Weapons Level 1  
  161  11:42  Viper x4  
  174  11:47  Zergling x6  
  174  11:49  Baneling  
  174  11:50  Baneling x10  
  174  11:51  Baneling  
  176  12:04  Hatchery  
  175  12:09  Zerg Ground Armor Level 3, Zerg Melee Weapons Level 3  
  175  12:17  Corruptor x2  
  175  12:18  Corruptor  
  175  12:22  Hydralisk  
  181  12:25  Overlord x2  
  181  12:26  Overlord x4  
  183  12:34  Overlord x3  
  183  12:46  Viper x2  
  189  12:52  Brood Lord x2  
  193  13:13  Hatchery  
  193  13:17  Corruptor x2  
  193  13:18  Corruptor  
  198  13:34  Adrenal Glands  
  198  13:37  Ultralisk Cavern  
  197  13:57  Baneling x2  
  197  13:58  Baneling x2  
  197  14:02  Baneling  
  197  14:03  Baneling x14  
  197  14:04  Baneling x3  
  197  14:25  Zerg Flyer Weapons Level 2  
  197  14:30  Extractor  
  195  14:38  Hatchery  
  193  14:48  Baneling x9  
  193  14:49  Baneling x4  
  193  14:59  Spore Crawler  
  192  15:06  Zerg Missile Weapons Level 1  
  192  15:12  Chitinous Plating  
  192  15:35  Corruptor x3  
  194  15:39  Extractor  
  196  16:30  Anabolic Synthesis  
  196  16:36  Unknown  
  166  16:41  Zergling x22  
  166  16:42  Zerg Flyer Armor Level 1, Zergling x56  
  166  16:43  Zergling x2  
  188  16:49  Brood Lord x4  
  188  16:50  Brood Lord x2  
  190  16:56  Ultralisk  
  180  17:12  Baneling x3  
  180  17:13  Baneling x12  
  180  17:21  Overseer  
  166  17:31  Hydralisk  
  166  17:32  Hydralisk x14  
  192  17:37  Baneling  
  192  17:38  Baneling x21  
  192  17:53  Corruptor x3  
  198  18:00  Unknown  
  167  18:11  Hydralisk, Extractor  
  167  18:12  Hydralisk x9  
  161  18:13  Hydralisk x2  
  161  18:15  Extractor  
  142  18:27  Hydralisk  
  142  18:28  Hydralisk x7  
  149  18:38  Viper  
  149  18:39  Viper  
  151  18:48  Queen  
  153  18:59  Drone  
  153  19:00  Drone x12  
  166  19:09  Hatchery  
  165  19:11  Corruptor x3  
  165  19:12  Corruptor x5  
  172  19:25  Drone x10  
  178  19:39  Corruptor x4  
  178  19:40  Corruptor  
  178  19:44  Viper  
  191  20:05  Viper x2  
  197  20:08  Hatchery  
  196  20:21  Zerg Flyer Weapons Level 3  
  196  20:25  Queen  
  198  20:28  Zerg Missile Weapons Level 2  
  198  20:40  Overseer x3  
  198  21:12  Drone x2  
  200  21:52  Unknown  
  170  22:04  Zergling x28  
  170  22:05  Ultralisk, Zergling x28  
  170  22:06  Ultralisk x3  
  192  22:13  Brood Lord  
  192  22:14  Brood Lord x4  
  182  22:31  Ultralisk  
  182  22:33  Zergling x24  
  173  22:49  Zergling x14  
  172  22:53  Brood Lord  
  165  23:03  Drone  
  165  23:04  Drone x4  
  160  23:24  Brood Lord x2  
  117  24:17  Hydralisk x4  
  117  24:18  Hydralisk x9  
  117  24:19  Hatchery  
  111  25:05  Zergling x18  
  111  25:06  Zergling x6  
  123  25:19  Drone x4  
  127  25:21  Queen x2  
  87  25:54  Hydralisk x2  
  75  26:11  Drone x2  
  77  26:48  Queen  
  77  26:49  Hydralisk x2  
  81  27:15  Corruptor x3  
  87  27:22  Drone x3  
  90  27:51  Hydralisk x4  
  90  27:57  Hatchery  
  98  28:19  Hatchery  
  97  28:29  Hydralisk, Corruptor x2  
  97  28:30  Hydralisk x4  
  111  28:52  Hydralisk x2  
  111  28:53  Hydralisk x3  
  121  29:03  Drone x5  
  108  29:43  Drone x18  
  124  29:52  Corruptor x2  
  115  30:12  Brood Lord x2  
  119  30:23  Drone x7, Extractor  
  119  30:24  Extractor  
  124  30:50  Drone x2  
  124  30:51  Drone x13  
  134  31:08  Brood Lord x2  
  136  31:20  Extractor x2, Zergling x16  
  136  31:21  Zergling x10  
Show
View Real Time Build Order
Export as new Build Order

Gunslinger Terran 

Build Orders: Mech 

Get SALT Encoding   

  12  0:01  SCV  
  13  0:13  SCV  
  14  0:19  Supply Depot  
  14  0:25  SCV  
  15  0:39  Refinery  
  15  0:43  Barracks  
  15  0:47  SCV  
  16  0:59  SCV  
  17  1:11  SCV  
  18  1:23  SCV  
  19  1:30  Supply Depot  
  19  1:31  Marine  
  20  1:35  SCV  
  21  1:47  SCV  
  21  1:49  Marine  
  23  1:56  Command Center  
  23  1:59  SCV  
  24  2:08  Factory  
  24  2:21  Bunker  
  24  2:23  SCV  
  24  2:29  Barracks Reactor  
  25  2:38  Orbital Command  
  25  2:52  Supply Depot  
  25  3:05  SCV  
  26  3:08  Refinery  
  26  3:17  SCV  
  26  3:18  Armory  
  26  3:19  Barracks Tech Lab  
  27  3:22  Hellion x2  
  27  3:26  Supply Depot  
  32  3:29  SCV, Orbital Command  
  32  3:36  Supply Depot  
  32  3:52  Supply Depot  
  32  3:54  SCV  
  33  3:59  Hellion x2  
  37  4:03  SCV  
  37  4:06  SCV  
  39  4:11  Factory  
  39  4:15  SCV  
  40  4:18  SCV  
  41  4:27  SCV  
  41  4:28  Hellion  
  41  4:29  Hellion  
  41  4:30  SCV  
  47  4:39  SCV  
  47  4:42  SCV  
  47  4:45  Starport  
  49  4:50  Hellion x2  
  49  4:52  SCV  
  54  4:54  SCV  
  54  4:56  Barracks Tech Lab  
  55  5:04  SCV  
  55  5:07  SCV, Engineering Bay  
  57  5:16  SCV  
  57  5:19  SCV, Liberator  
  59  5:23  Siege Tank  
  59  5:25  Hellion, Hellbat  
  59  5:28  SCV  
  67  5:29  Refinery  
  67  5:31  Refinery  
  67  5:36  Command Center  
  67  5:37  Factory  
  54  6:04  Hellion  
  54  6:05  Hellion  
  54  6:07  Siege Tank  
  61  6:23  Missile Turret  
  61  6:26  Hellion, Hellbat  
  61  6:31  Missile Turret x2  
  65  6:36  Starport Reactor  
  65  6:39  Hellbat  
  67  6:46  Barracks Tech Lab  
  67  6:47  Hellbat x2  
  71  6:59  Terran Vehicle Weapons Level 1, Factory, Missile Turret  
  71  7:00  Siege Tank  
  76  7:01  Hellbat  
  76  7:04  Missile Turret  
  76  7:09  Infernal Pre-Igniter, Hellbat  
  76  7:10  SCV x2  
  80  7:19  Starport  
  80  7:26  Hellbat  
  80  7:27  Hellbat  
  84  7:30  Hellbat  
  84  7:31  Armory  
  84  7:33  Hellbat  
  88  7:48  Hellbat x2  
  92  8:06  Planetary Fortress  
  92  8:08  SCV  
  93  8:17  Refinery  
  93  8:19  Supply Depot  
  93  8:20  Supply Depot x2, Refinery  
  93  8:24  Liberator  
  93  8:28  Missile Turret  
  93  8:29  Supply Depot  
  93  8:30  Supply Depot  
  93  8:41  SCV, Viking, Siege Tank, Hellbat x2  
  101  8:42  SCV, Hellbat x2  
  101  8:48  Missile Turret  
  111  8:53  SCV  
  111  8:54  SCV  
  108  9:01  SCV  
  107  9:05  SCV  
  107  9:06  SCV  
  115  9:10  Hellbat x3  
  115  9:13  Hellbat, SCV  
  124  9:19  SCV x2  
  126  9:26  SCV, Starport Tech Lab  
  126  9:27  Missile Turret  
  126  9:28  Missile Turret  
  126  9:29  Terran Vehicle Weapons Level 2  
  126  9:30  Terran Vehicle And Ship Armor Level 1  
  127  9:33  Hellbat x2  
  133  9:41  Thor  
  133  9:44  Hellion x17  
  131  9:48  Missile Turret  
  131  9:50  Supply Depot  
  131  9:51  SCV x2  
  133  10:05  Hellion  
  133  10:06  Hellion x4  
  133  10:07  Hellion x4  
  133  10:09  Missile Turret  
  133  10:12  SCV x3, Thor  
  140  10:14  Missile Turret  
  140  10:24  SCV  
  141  10:54  Factory Tech Lab  
  141  11:09  SCV, Hellbat  
  141  11:10  Liberator x2  
  141  11:13  SCV x2  
  141  11:14  Hellbat  
  137  11:18  Supply Depot  
  137  11:19  Thor, Supply Depot  
  137  11:20  Supply Depot  
  137  11:21  SCV  
  137  11:23  Supply Depot  
  137  11:25  SCV, Command Center  
  137  11:26  Raven  
  137  11:27  Thor  
  137  11:29  Hellbat  
  137  11:31  Hellbat  
  129  11:35  Hellbat  
  131  11:50  Hellbat  
  131  11:52  Hellbat  
  135  11:56  Hellbat  
  137  12:03  Siege Tank  
  137  12:06  Sensor Tower  
  140  12:10  Siege Tank  
  140  12:12  Siege Tank  
  140  12:13  Hellbat  
  148  12:18  Hellbat  
  148  12:19  Supply Depot  
  148  12:21  Missile Turret  
  148  12:22  Terran Vehicle And Ship Armor Level 2  
  150  12:23  Terran Ship Weapons Level 1  
  150  12:30  Starport  
  150  12:32  Starport  
  150  12:33  Liberator, Fusion Core  
  150  12:34  Liberator  
  150  12:35  Hellbat, Siege Tank  
  155  12:37  Supply Depot  
  155  12:39  Hellbat  
  155  12:42  Siege Tank  
  162  12:44  Hellbat  
  168  12:56  Hellion  
  170  13:00  Hellion, Supply Depot  
  174  13:05  Hellion  
  174  13:07  Hellion  
  174  13:10  Refinery  
  174  13:11  Refinery  
  176  13:14  Hellion  
  176  13:15  Supply Depot, Missile Turret  
  176  13:16  Missile Turret  
  176  13:17  Hellion  
  180  13:29  Starport Tech Lab x2  
  180  13:30  Battlecruiser  
  186  13:35  Supply Depot  
  186  13:36  Hi-Sec Auto Tracking, Supply Depot  
  186  13:37  Missile Turret  
  186  13:38  Advanced Ballistics, Supply Depot  
  186  13:39  Weapon Refit  
  186  14:04  Command Center  
  186  14:07  Refinery  
  186  14:17  Sensor Tower  
  186  14:18  Sensor Tower  
  186  14:23  Planetary Fortress  
  186  14:28  Missile Turret  
  186  14:33  Refinery  
  184  14:45  Missile Turret  
  184  14:47  Missile Turret  
  184  14:50  Missile Turret x2  
  184  15:01  Hellion x6  
  184  15:07  Battlecruiser x2  
  184  15:08  Raven  
  184  15:09  Missile Turret x2  
  184  15:11  Terran Ship Weapons Level 2  
  198  15:51  Raven  
  197  16:11  Raven  
  197  16:15  Viking x2  
  191  16:28  Liberator  
  151  16:44  Battlecruiser x2  
  151  16:46  Viking  
  152  16:48  Hellbat x2  
  152  16:49  Hellbat x2  
  154  16:54  Viking  
  154  17:02  Planetary Fortress  
  154  17:05  SCV x2  
  154  17:06  SCV x2  
  138  17:24  Raven  
  138  17:29  Hellbat x2  
  142  17:30  Hellbat x3  
  144  17:37  SCV x2  
  144  17:38  SCV x2  
  144  17:41  SCV  
  149  17:49  SCV x2  
  149  17:50  SCV, Hellbat  
  149  17:51  Hellbat  
  156  18:01  Missile Turret  
  141  18:07  Command Center  
  137  18:13  Siege Tank x2  
  137  18:14  Hellbat x3  
  147  18:24  Hellion x2  
  135  18:28  Hellion  
  135  18:33  Hellion x3  
  124  18:35  Hellbat  
  124  18:36  Hellbat x2  
  129  18:45  Siege Tank x2  
  135  18:57  Hellbat, Thor  
  135  19:02  SCV x4  
  147  19:14  SCV  
  148  19:17  Thor  
  146  19:38  Siege Tank  
  145  19:40  Siege Tank  
  148  19:53  SCV x2  
  148  19:54  Refinery  
  150  20:00  Siege Tank  
  153  20:10  Hellbat x2, Siege Tank  
  153  20:12  Siege Tank  
  163  20:31  Hellbat  
  163  20:32  Hellbat x2  
  169  20:42  Hellbat  
  171  20:44  Hellbat  
  171  20:48  Missile Turret  
  171  20:49  Supply Depot  
  173  20:50  SCV, Missile Turret  
  173  20:51  Supply Depot  
  173  20:52  Sensor Tower  
  173  20:53  Hellbat  
  173  20:54  Missile Turret  
  176  21:02  SCV  
  177  21:09  Missile Turret  
  177  21:14  SCV  
  178  21:30  Missile Turret  
  143  22:04  Hellbat  
  143  22:05  Hellbat x3  
  143  22:06  Hellbat  
  129  22:17  Liberator x2  
  129  22:26  Hellbat x3  
  133  22:32  Thor x2  
  133  22:34  Battlecruiser x2  
  133  22:35  Raven  
  131  22:59  Liberator  
  131  23:00  Liberator  
  131  23:03  Planetary Fortress  
  131  23:18  Battlecruiser  
  121  23:51  Viking x2  
  101  23:59  Viking  
  101  24:00  Viking  
  103  24:06  Liberator x2  
  83  24:21  Viking, Siege Tank x2  
  91  24:29  Viking  
  85  24:37  Siege Tank  
  84  24:53  Siege Tank x2  
  72  25:09  Siege Tank  
  69  25:24  Hellbat x2  
  66  25:43  Hellbat x3  
  66  25:46  Hellbat x2  
  57  26:10  Hellion x7  
  57  26:45  Orbital Command  
  43  27:14  Missile Turret  
  43  27:16  Hellion, Hellbat x2  
  43  27:17  Missile Turret  
  43  27:21  Hellbat  
  51  27:25  SCV x2  
  54  27:35  Hellion x3  
  53  27:37  SCV  
  53  27:43  Hellion  
  53  27:44  Hellion x2  
  54  27:49  SCV  
  55  27:58  Orbital Command  
  55  28:10  Hellion  
  53  28:27  SCV  
  53  28:28  SCV  
  53  28:31  Orbital Command  
  56  28:39  SCV  
  56  28:40  SCV  
  53  28:51  SCV  
  53  28:52  Siege Tank x3  
  53  28:55  Hellbat x2  
  65  29:16  Hellbat  
  56  29:21  Missile Turret  
  56  29:24  Thor x2, Missile Turret  
  63  29:52  Hellion x2  
  53  30:46  Hellion x2  
  53  31:14  Siege Tank x3  
Tags
 
Composition
Mech
Matchup
TvZ
Spawn Locations
Cross Positions
Add a new tag
Caveats
  • Supply blocks, unpowered buildings, or Contaminate may cause inaccurate times.
  • Supply counts are checked every 10 seconds.